 Dungeon Crawl Stone Soup version 0.27-a0-1196-g3e9cee4cb2 (webtiles) character file.

Game seed: 1365862998055086007

52497 robertstho the Eclecticist (level 15, 0/119 HPs)
             Began as a Djinni Fire Elementalist on May 28, 2021.
             Was an Initiate of Gozag.
             Slain by Jorgrun
             ... wielding a +0 vorpal quarterstaff
              (10 damage)
             ... on level 12 of the Dungeon.
             The game lasted 00:41:55 (30502 turns).

robertstho the Eclecticist (DjFE)                  Turns: 30502, Time: 00:41:55

Health: 0/119      AC: 34    Str:  7    XL:     15   Next: 6%
Gold:   852        EV: 10    Int: 27    God:    Gozag SH: 10 Dex: 16

rFire    + + .     SeeInvis .   y - +8 mithril axe "Arga" {speed, Will+}
rCold    x . .     Faith    .   b - +2 kite shield {reflect}
rNeg     + . .     Spirit   .   (armour currently unavailable)
rPois    ∞         Reflect  +   d - +2 helmet
rElec    +         Harm     .   c - +0 cloak
rCorr    .         Rampage  .   (gloves currently unavailable)
Will     ++...                  (boots unavailable)
Stlth    +++.......             (no amulet)
HPRegen  0.29/turn              l - ring of wizardry
MPRegen  0.00/turn              h - +6 ring of intelligence

@: statue-form, grasped by roots, on berserk cooldown, flying, slowed,
constricted, very slow
A: slow and powerful, torment resistance 1, flying, boosted hp, sickness
immunity, fire resistance 2, cold vulnerability 1, float, innate caster, hp
casting, extra vitality 1
a: End Transformation, Renounce Religion, Potion Petition, Call Merchant, Bribe
Branch


You were on level 12 of the Dungeon.
You worshipped Gozag.
Gozag was pleased with you.
You were a living statue of rough stone.
You visited 4 branches of the dungeon, and saw 20 of its levels.

You collected 4550 gold pieces.
You spent 2027 gold pieces at shops.
You paid 1671 gold pieces to Gozag.

Inventory:

Hand Weapons
 x - a +3 trident
 y - the +8 mithril axe "Arga" (weapon) {speed, Will+}
   (You bought it in a shop on level 9 of the Dungeon)

   Attacks with this weapon are significantly faster.
   It increases your willpower.
Armour
 b - a +2 kite shield of reflection (worn)
 c - a +0 cloak (worn)
 d - a +2 helmet (worn)
 B - +0 steam dragon scales (melded)
 J - a +0 pair of gloves (melded)
Jewellery
 h - a +6 ring of intelligence (right fist)
 k - a +4 ring of protection
 l - a ring of wizardry (left fist)
 n - a ring of protection from cold
 r - the ring "Kuowet" {rF+ MP+9}
   (You took it off a meliai on level 9 of the Dungeon)

   [ring of magical power]

   It protects you from fire.
   It affects your magic capacity (+9).
 w - a +6 ring of dexterity
 z - a ring of see invisible
 I - a ring of fire
Wands
 v - a wand of acid (18)
 H - a wand of mindburst (13)
 K - a wand of digging (10)
 M - a wand of flame (43)
 Q - a wand of iceblast (3)
Scrolls
 a - a scroll of noise {unknown}
 j - 3 scrolls of enchant weapon
 o - 4 scrolls of magic mapping
 p - 4 scrolls of vulnerability
 t - 2 scrolls of fog
 A - a scroll of summoning
 E - 3 scrolls of enchant armour {unknown}
 F - a scroll of blinking
 L - 2 scrolls of fear
 N - 2 scrolls of holy word {unknown}
 O - a scroll of torment
 R - a scroll of immolation
Potions
 e - a potion of attraction
 f - 3 potions of brilliance
 g - 3 potions of might {unknown}
 i - 4 potions of magic {unknown}
 m - 2 potions of resistance {unknown}
 q - 4 potions of curing
 s - a potion of lignification {unknown}
 C - 2 potions of mutation
 P - 2 potions of flight {unknown}
 S - a potion of cancellation {unknown}
Miscellaneous
 D - a lightning rod (4/4)


   Skills:
 + Level 3.4 Fighting
 + Level 0.2(1.6) Axes
 + Level 2.6(2.7) Polearms
 + Level 7.0 Dodging
 + Level 5.9 Stealth
 + Level 2.5 Shields
 + Level 16.9 Spellcasting
 + Level 1.2 Evocations


You had 5 spell levels left.
You knew the following spells:

 Your Spells              Type           Power      Damage    Failure   Level
a - Foxfire               Conj/Fire      100%       2x1d9     0%          1
b - Conjure Flame         Conj/Fire      85%        6-21      1%          3
c - Inner Flame           Hex/Fire       85%        N/A       1%          3
d - Sticky Flame          Conj/Fire      85%        2d10      1%          4
e - Fireball              Conj/Fire      42%        3d17      1%          5
f - Corona                Hex            94%        N/A       0%          1
g - Blink                 Tloc           N/A        N/A       0%          2
h - Swiftness             Air            85%        N/A       1%          3
i - Petrify               Tmut/Erth      85%        N/A       1%          4
j - Alistair's Intoxicat  Tmut/Pois      56%        N/A       1%          5
k - Yara's Violent Unrav  Hex/Tmut       42%        3d17      1%          5
l - Statue Form           Tmut/Erth      56%        N/A       1%          6
Your spell library was empty.

Dungeon Overview and Level Annotations

Branches:
Dungeon (12/15)            Temple (1/1) D:5            Lair (6/6) D:9
  Swamp (0/4) Lair:3        Snake (0/4) Lair:3          Orc (1/2) D:10
  Slime: Lair:5-6

Altars:
Ashenzari
Cheibriados
Dithmenos
Elyvilon
Fedhas
Gozag
Hepliaklqana
Kikubaaqudgha
Makhleb
Nemelex Xobeh
Okawaru
Qazlal
Ru
Sif Muna
Trog
Uskayaw
Vehumet
Wu Jian
Xom
Yredelemnul
Zin
The Shining One
Lugonu

Shops:
D:5 !   D:9 (   D:12 =

Annotations:
D:12 Jorgrun
Lair:2 exclusion: 2 oklob plants


Innate Abilities, Weirdness & Mutations

You are a living statue of rough stone.
Your actions are slow, but your melee attacks are powerful.
You are resistant to unholy torment.
You are flying.
Your maximum health is greatly increased.
Your equipment is partially melded.
You are immune to sickness and miasma.
You are immune to poison.
Your flesh is very heat resistant. (rF++)
You are vulnerable to cold. (rC-)
You float through the air rather than walking.
You learn spells naturally, not from books.
Your magical power is your life essence.
You have superior vitality. (+4 HP)


Message History

You closely miss Jorgrun.
Jorgrun is severely wounded.
You block Jorgrun's attack. x2
You barely miss Jorgrun.
Jorgrun is severely wounded.
Jorgrun points at you and mumbles some strange words.
Roots burst forth from the earth!
The grasping roots grab you! The grasping roots constrict you.
You barely miss Jorgrun.
Jorgrun is severely wounded.
You block Jorgrun's attack.
* * * LOW HITPOINT WARNING * * *
The grasping roots constrict you!
Your shield prevents you from hitting Jorgrun.
Jorgrun is severely wounded.
You are no longer berserk.
You are exhausted.
You feel yourself slow down. You block Jorgrun's attack.
* * * LOW HITPOINT WARNING * * *
The grasping roots constrict you!
Casting: Statue Form (dangerous; 1% risk of failure)
Confirm with . or Enter, or press ? or * to list all spells.
Aiming: Sticky Flame (safe; 1% risk of failure)
Press: ? - help, Shift-Dir - straight line, f - Jorgrun
Aim: Jorgrun, wielding a +0 vorpal quarterstaff and wearing a +0 robe of positive energy (severely wounded, 100% to hit)
The sticky flame hits Jorgrun!
Jorgrun is severely wounded.
Jorgrun is covered in liquid flames!
* * * LOW HITPOINT WARNING * * *
Jorgrun burns! x2; You block Jorgrun's attack.
The grasping roots constrict you.
Jorgrun points at you and mumbles some strange words.
You resist with almost no effort.
* * * LOW HITPOINT WARNING * * *
The grasping roots constrict you!
You feel better.
Jorgrun burns! x2; Jorgrun stops burning.
Jorgrun says, "'tis place shall be yer tomb!"
Jorgrun completely misses you.
You die...
Your body crumbles into a pile of gold.

###.#.#####. .#
#.#.#####. .#..
#.#....... #.#.###
#......### #...#.##
####...# #.#...## ##.##
#...... ##.# ##$..g##
##^.# #
###....8.########...####
............>..........'
###.....##.###.##...####
#...... .##.###..# #
#..#..## .#.###..#
#..#..# ..##...# #. ##.#
#.##..## #. #.# #.....#
#.# ####.##


You could see Jorgrun.

Vanquished Creatures
  A yaktaur captain (D:9)
  2 boulder beetles
  An ice dragon (D:9)
  4 hydras
  A centaur warrior (D:12)
  A catoblepas (D:9)
  4 death yaks (Lair:5)
  7 two-headed ogres
  Sonja (D:12)
  A swamp dragon (Lair:3)
  3 oklob plants (Lair:3)
  2 ugly things (D:12)
  4 manticores
  A cyclops (D:9)
  An orc sorcerer (Orc:1)
  6 elephants
  3 black mambas
  7 cane toads
  2 gargoyles (D:12)
  A kobold demonologist (D:10)
  Maggie (D:7)
  7 rime drakes
  8 komodo dragons
  A troll (D:9)
  A meliai (D:9)
  A hornet (D:9)
  Grinder (D:6)
  Prince Ribbit (D:7)
  A polar bear (Lair:3)
  14 blink frogs
  A slime creature (D:7)
  A spriggan (Lair:3)
  2 shadows (D:10)
  38 yaks
  8 wyverns
  3 wraiths
  6 basilisks
  A steam dragon (D:7)
  3 vampire mosquitoes
  3 nagas (Lair:3)
  An acid dragon (D:12)
  2 hell hounds (Lair:4)
  Duvessa (D:7)
  12 water moccasins
  A sky beast (D:6)
  7 orc warriors
  2 black bears
  2 ogres
  2 ice beasts
  3 necrophages
  22 wolves
  10 centaurs
  A phantom (D:5)
  2 kobold brigands
  5 bullfrogs
  A gnoll sergeant (D:5)
  A water moccasin zombie (D:5)
  3 scorpions
  Dowan (D:7)
  A water moccasin skeleton (D:4)
  14 killer bees
  8 electric eels
  14 wights
  4 howler monkeys
  A bullfrog zombie (D:6)
  7 centaur zombies
  2 gnoll shamans
  A centaur skeleton (D:4)
  5 orc priests
  2 hounds (D:5)
  A jelly (D:5)
  5 iguanas
  14 orc wizards
  12 hell rats (Lair:4)
  A killer bee zombie (D:7)
  2 hound skeletons
  3 adders
  14 gnolls
  A shadow imp (D:8)
  A white imp (D:8)
  2 ufetubi (D:6)
  An adder skeleton (D:5)
  A worm (D:2)
  A dart slug (D:4)
  61 orcs
  9 ball pythons
  7 endoplasms
  4 giant cockroaches
  3 goblins
  3 hobgoblins
  3 jackals (D:2)
  A quokka (D:3)
  4 bats
  6 frilled lizards
  13 kobolds
  8 rats
  5 bushes (Lair:3)
479 creatures vanquished.

Vanquished Creatures (collateral kills)
  A foxfire (D:5)
1 creature vanquished.

Vanquished Creatures (others)
  A bush (Lair:4)
  754 foxfires
  46 fungi
  98 plants
899 creatures vanquished.

Grand Total: 1379 creatures vanquished

Notes
Turn   | Place    | Note
-------+----------+-------------------------------------------
     0 | D:1      | robertstho the Djinni Fire Elementalist began the quest for
                  | the Orb.
     0 | D:1      | Reached XP level 1. HP: 15/15 MP: 0/0
   247 | D:1      | Reached XP level 2. HP: 18/21 MP: 0/0
   946 | D:1      | Reached skill level 3 in Spellcasting
  1211 | D:1      | Reached XP level 3. HP: 22/25 MP: 0/0
  1211 | D:1      | Learned a level 1 spell: Corona
  1961 | D:2      | Found a faded altar of an unknown god.
  2722 | D:2      | Reached XP level 4. HP: 21/31 MP: 0/0
  3832 | D:4      | Found a broken altar of Ashenzari.
  4041 | D:4      | Reached XP level 5. HP: 30/35 MP: 0/0
  4041 | D:4      | Learned a level 2 spell: Blink
  4168 | D:4      | Noticed a necrophage
  4192 | D:4      | Reached skill level 4 in Spellcasting
  4198 | D:3      | Killed a necrophage
  4199 | D:3      | Reached XP level 6. HP: 14/40 MP: 0/0
  4670 | D:4      | Reached skill level 5 in Spellcasting
  4836 | D:4      | Noticed an ice beast
  4843 | D:4      | Killed an ice beast
  4844 | D:4      | Reached XP level 7. HP: 38/45 MP: 0/0
  4844 | D:4      | Learned a level 3 spell: Swiftness
  5090 | D:4      | Found a stormy altar of Qazlal.
  5095 | D:4      | Noticed an air elemental
  5096 | D:4      | Noticed a fire elemental
  5096 | D:4      | Noticed a water elemental
  5132 | D:5      | Entered Level 5 of the Dungeon
  5178 | D:5      | Found a white marble altar of Elyvilon.
  5179 | D:5      | Found a glowing silver altar of Zin.
  5180 | D:5      | Found a glowing golden altar of the Shining One.
  5319 | D:5      | Reached skill level 6 in Spellcasting
  5439 | D:5      | Reached XP level 8. HP: 29/51 MP: 0/0
  5840 | D:5      | Found Ucocaqe's Distillery.
  5843 | D:5      | Bought a potion of brilliance for 44 gold pieces
  5843 | D:5      | Bought a potion of heal wounds for 55 gold pieces
  5843 | D:5      | Bought a potion of berserk rage for 55 gold pieces
  5976 | D:5      | Found an iron altar of Okawaru.
  6369 | D:5      | Reached skill level 7 in Spellcasting
  6483 | D:5      | Found a sacrificial altar of Ru.
  6483 | D:5      | Found a snail-covered altar of Cheibriados.
  6493 | D:5      | Found a staircase to the Ecumenical Temple.
  6517 | Temple   | Entered the Ecumenical Temple
  6855 | D:6      | Reached XP level 9. HP: 46/56 MP: 0/0
  6855 | D:6      | Learned a level 4 spell: Petrify
  6964 | D:6      | Noticed Grinder
  6969 | D:6      | Killed Grinder
  6970 | D:6      | Reached skill level 8 in Spellcasting
  8359 | D:6      | Reached skill level 1 in Fighting
  8537 | Temple   | Became a worshipper of Gozag Ym Sagoz the Greedy
  8737 | D:7      | Noticed Dowan
  8741 | D:7      | Noticed Duvessa
  8764 | D:7      | Killed Duvessa
  8771 | D:7      | Killed Dowan
  8917 | D:7      | Noticed Prince Ribbit
  8926 | D:7      | Killed Prince Ribbit
  8927 | D:7      | Reached skill level 9 in Spellcasting
  9042 | D:7      | Found a bloodstained altar of Trog.
  9043 | D:7      | Found a blossoming altar of Fedhas.
  9043 | D:7      | Found a hide-covered altar of Uskayaw.
  9044 | D:7      | Found a shadowy altar of Dithmenos.
  9180 | D:7      | Noticed Maggie
  9189 | D:7      | Reached XP level 10. HP: 42/62 MP: 0/0
  9191 | D:7      | Killed Maggie
  9513 | D:7      | Reached skill level 10 in Spellcasting
  9530 | D:7      | Found a burning altar of Makhleb.
 12155 | D:9      | Noticed a catoblepas
 12155 | D:9      | Noticed a yaktaur captain
 12166 | D:9      | Killed a catoblepas
 12167 | D:9      | Reached skill level 5 in Stealth
 12167 | D:9      | Reached skill level 11 in Spellcasting
 12167 | D:9      | Reached XP level 11. HP: 27/68 MP: 0/0
 12167 | D:9      | Learned a level 5 spell: Alistair's Intoxication
 12169 | D:9      | Killed a yaktaur captain
 12200 | D:9      | Noticed a cyclops
 12208 | D:9      | Identified the ring "Kuowet" {rF+ MP+9}
 12210 | D:9      | Noticed an ice dragon
 12214 | D:9      | Killed a cyclops
 12217 | D:9      | Killed an ice dragon
 12514 | D:9      | Found a staircase to the Lair.
 12515 | D:9      | Noticed an elephant
 12518 | D:9      | Reached skill level 12 in Spellcasting
 12519 | D:9      | Killed an elephant
 13382 | D:9      | Noticed a two-headed ogre
 13385 | D:9      | Killed a two-headed ogre
 13996 | D:10     | Entered Level 10 of the Dungeon
 14159 | D:10     | Noticed a two-headed ogre
 14164 | D:10     | Killed a two-headed ogre
 14165 | D:10     | Reached XP level 12. HP: 65/75 MP: 0/0
 14168 | D:10     | Noticed a two-headed ogre
 14172 | D:10     | Killed a two-headed ogre
 14473 | D:10     | Noticed a two-headed ogre
 14490 | D:10     | Killed a two-headed ogre
 14491 | D:10     | Reached skill level 13 in Spellcasting
 14513 | D:10     | Reached skill level 1 in Shields
 14759 | D:10     | Noticed a two-headed ogre
 14763 | D:10     | Killed a two-headed ogre
 14764 | D:10     | Reached skill level 5 in Dodging
 15197 | D:10     | Reached skill level 1 in Polearms
 15645 | D:10     | Found a staircase to the Orcish Mines.
 16062 | D:11     | Noticed a boulder beetle
 16071 | D:11     | Killed a boulder beetle
 16084 | D:11     | Noticed a two-headed ogre
 16087 | D:11     | Killed a two-headed ogre
 16770 | Lair:1   | Entered Level 1 of the Lair of Beasts
 17974 | Lair:2   | Noticed a seven-headed hydra
 17981 | Lair:1   | Reached skill level 14 in Spellcasting
 18050 | Lair:2   | Reached XP level 13. HP: 64/80 MP: 0/0
 18050 | Lair:2   | Learned a level 5 spell: Yara's Violent Unravelling
 18763 | Lair:2   | Noticed a six-headed hydra
 18792 | Lair:2   | Noticed a boulder beetle
 18798 | Lair:2   | Killed a boulder beetle
 19323 | Lair:2   | Killed a six-headed hydra
 19964 | Lair:2   | Killed a seven-headed hydra
 20786 | Lair:3   | Reached skill level 15 in Spellcasting
 21578 | Lair:3   | Found a staircase to the Snake Pit.
 21586 | Lair:3   | Noticed a four-headed hydra
 21591 | Lair:3   | Killed a four-headed hydra
 22044 | Lair:3   | Found a staircase to the Swamp.
 22314 | Lair:3   | Found a blossoming altar of Fedhas.
 22594 | Lair:4   | Noticed an eight-headed hydra
 22598 | Lair:4   | Killed an eight-headed hydra
 22603 | Lair:4   | Reached XP level 14. HP: 47/87 MP: 0/0
 24145 | Lair:4   | Reached skill level 16 in Spellcasting
 25093 | Lair:5   | Reached skill level 1 in Evocations
 26485 | Lair:6   | Entered Level 6 of the Lair of Beasts
 27567 | Orc:1    | Entered Level 1 of the Orcish Mines
 27648 | D:9      | Bought the +8 mithril axe "Arga" {speed, Will+} for 1873
                  | gold pieces
 27648 | D:9      | Found the +8 mithril axe "Arga" {speed, Will+}
 29763 | D:12     | Noticed Sonja
 29767 | D:12     | Killed Sonja
 29858 | D:12     | Reached XP level 15. HP: 74/92 MP: 0/0
 29858 | D:12     | Learned a level 6 spell: Statue Form
 30483 | D:12     | Noticed Jorgrun
 30501 | D:12     | HP: 3/119 [Jorgrun/+0 vorpal quarterstaff (13)]
 30502 | D:12     | Slain by Jorgrun

Illustrated notes

Levels and vault maps discovered:
D:1:      dpeg_arrival_fog, layout_basic, hex_tiny
D:2:      layout_loops_cross, hellmonk_ecumenical_altar_lost_god, basic_altar
D:3:      layout_loops_cross, kennysheep_generic_room_11
D:4:      layout_cave_pools, ashenzari_altar_1,
          nicolae_qazlal_style_of_elements, serial_park_tiny_2
D:5:      layout_loops_ring, good_gods_temple_1,
          gammafunk_temple_overflow_forgotten,
          gammafunk_temple_overflow_elements, minmay_temple_entry_wispy,
          serial_shops, kennysheep_mini_moat
D:6:      layout_layer_cave, kennysheep_generic_room_13, uniq_grinder
D:7:      layout_rooms, lemuel_doored_altar,
          chequers_temple_overflow_statue_of_worship, serial_park_tiny_2,
          minmay_chambers_of_fives, uniq_prince_ribbit1, uniq_maggie,
          uniq_duvessa
D:8:      layout_cave_pools, hangedman_decor_peaks_small
D:9:      nzn_winding_woodlands_cross [nzn_winding_woodlands_5x15_garden,
          nzn_winding_woodlands_5x15_jagged,
          nzn_winding_woodlands_5x15_split_checker,
          nzn_winding_woodlands_5x15_river_crossing,
          nzn_winding_woodlands_15x15_thick_spiral], layout_basic,
          david_lair_generic
D:10:     layout_basic, hiddenorc2_lemuel
D:11:     layout_basic
D:12:     layout_loops_corners, uniq_jorgrun, uniq_fannar, uniq_sonja
Temple:   corrupted_temple
Lair:1:   layout_chaotic_city, serial_bayou, serial_bayou_shore_b,
          serial_bayou_pond_e, serial_bayou_ford_a, serial_bayou_lagoon_a,
          serial_bayou_pond_c, serial_bayou_lake_a
Lair:2:   layout_regular_city, serial_bayou_shore_a, minmay_lair_oklob_chamber,
          infiniplex_staircase_pool_2
Lair:3:   layout_cave_pods, minmay_swamp_entry_reptiles,
          minmay_snake_entry_guardpost_small, hangedman_tree_tricks,
          nicolae_quartered_pool_little, minmay_lair_oklob_bushes,
          forest_entry_grove
Lair:4:   layout_cave_pods, special_room [special_room_mythical_zoo]
Lair:5:   layout_loops_ring, beast_lair_carwin_2
Lair:6:   grunt_lair_end_beastmaster, layout_regular_city,
          minmay_slime_entry_pillars, st_stairs_6, patterned_corridor,
          infiniplex_staircase_pool
Orc:1:    layout_caves, roderic_batcave, guppyfry_library_mini

Skill      XL: |  1  2  3  4  5  6  7  8  9 10 11 12 13 14 |
---------------+-------------------------------------------+-----
Spellcasting   | 3 4 5 6 7 9 11 12 14 15 16 | 16.9
Stealth        | 2 3 4 5 |  5.9
Dodging        | 3 4 5 6 7 |  7.0
Fighting       | 1 2 3 |  3.4
Shields        | 1 2 |  2.5
Polearms       | 2 |  2.6
Evocations     | 1 |  1.2
Axes           | |  0.2

Action                   |  1- 3 |  4- 6 |  7- 9 | 10-12 | 13-15 || total
-------------------------+-------+-------+-------+-------+-------++-------
Melee: Mace              |       |       |     1 |       |       ||     1
       Trident           |       |       |       |    10 |     2 ||    12
       Broad axe         |       |       |       |       |    25 ||    25
 Cast: Foxfire           |   106 |   119 |   225 |    13 |       ||   463
       Sticky Flame      |       |     1 |    18 |    22 |    34 ||    75
       Conjure Flame     |       |       |     1 |     1 |     1 ||     3
       Fireball          |       |       |       |   195 |   271 ||   466
       Petrify           |       |       |       |     4 |       ||     4
       Alistair's Intoxi |       |       |       |     1 |       ||     1
       Blink             |       |       |       |       |     2 ||     2
       Swiftness         |       |       |       |       |     2 ||     2
       Yara's Violent Un |       |       |       |       |     1 ||     1
       Statue Form       |       |       |       |       |     1 ||     1
Invok: Call Merchant     |       |       |       |     1 |     1 ||     2
Evoke: Wand              |       |       |       |       |     7 ||     7
  Use: Scroll            |     1 |     3 |     2 |     7 |     9 ||    22
       Potion            |       |       |       |     7 |     3 ||    10
 Stab: Distracted        |       |       |       |     1 |       ||     1
Armor: Robe              |     5 |     4 |    18 |       |       ||    27
       Steam dragon scal |       |       |       |    26 |    25 ||    51
       Skin              |       |       |       |       |     7 ||     7
Dodge: Dodged            |    11 |     9 |    35 |    37 |    58 ||   150
Block: Buckler           |       |       |     5 |     7 |    16 ||    28
       Kite shield       |       |       |       |       |    30 ||    30
       Reflection        |       |       |       |       |     2 ||     2

Table legend: (Time is in decaauts)
 A = Elapsed time spent in this place.
 B = Non-inter-level travel time spent in this place.
 C = Inter-level travel time spent in this place.
 D = Time resting spent in this place.
 E = Time spent auto-exploring this place.
 F = Levels seen in this place.
 G = Mean time per level.
                   A        B        C        D        E       F      G
               +--------+--------+--------+--------+--------+-----+--------+
         Total |  30561 |  29228 |   1333 |   5408 |  21081 |  20 | 1528.1 |
       Dungeon |  19591 |  18640 |    951 |   3359 |  13378 |  12 | 1632.6 |
        Temple |    114 |     74 |     40 |      0 |     67 |   1 |  114.0 |
          Lair |  10839 |  10499 |    340 |   2049 |   7636 |   6 | 1806.5 |
  Orcish Mines |     16 |     15 |      1 |      0 |      0 |   1 |   16.0 |
               +--------+--------+--------+--------+--------+-----+--------+

Top non-repeatable levels by time:
    D:10: 2763 daAuts
     D:7: 2565 daAuts
  Lair:3: 2554 daAuts
  Lair:4: 2519 daAuts
  Lair:1: 1928 daAuts
  Lair:5: 1912 daAuts
     D:9: 1869 daAuts
     D:6: 1726 daAuts
  Lair:2: 1718 daAuts
    D:11: 1699 daAuts
     D:5: 1631 daAuts
     D:1: 1569 daAuts
     D:2: 1256 daAuts
     D:3: 1182 daAuts
     D:8: 1144 daAuts
